 Seeded DCSS version 0.29-a0-356-g7bc237e783 (webtiles) character file.

Game seed: 561048176813763770 (custom seed)

65 klau3 the Skirmisher (level 4, -3/49 HPs)
             Began as an Ogre Berserker on Apr 26, 2022.
             Was a Follower of Trog.
             Asphyxiated
             ... on level 4 of the Dungeon.
             The game lasted 00:06:28 (1273 turns).

klau3 the Skirmisher (Ogre Berserker)               Turns: 1273, Time: 00:06:30

Health: -3/49      AC:  3    Str: 23    XL:     4   Next: 13%
Magic:  4/4        EV: 10    Int:  8    God:    Trog [*.....]
Gold:   134        SH:  0    Dex:  8    Spells: 3/3 levels left

rFire   . . .      SeeInvis .   m - +3 club
rCold   . . .      Faith    .   (no shield)
rNeg    . . .      Spirit   .   b - +0 animal skin
rPois   .          Reflect  .   (helmet restricted)
rElec   .          Harm     .   (no cloak)
rCorr   .          Rampage  .   (gloves unavailable)
Will    .....                   (boots unavailable)
Stlth   +.........              (no amulet)
HPRegen 0.16/turn               (no ring)
MPRegen 0.09/turn               (no ring)

@: lethally poisoned (-3 -> -43), slowed, very slow
A: large, unfitting armour, tough skin 1
a: Renounce Religion, Berserk


You were on level 4 of the Dungeon.
You worshipped Trog.
Trog was aware of your devotion.
You visited 1 branch of the dungeon, and saw 4 of its levels.

You collected 134 gold pieces.

Inventory:

Hand Weapons
 a - a +0 spear
 m - a +3 club (weapon)
Missiles
 e - 95 stones
 k - 3 large rocks (quivered)
Armour
 b - a +0 animal skin (worn)
Scrolls
 d - 3 scrolls of blinking {unknown}
 g - a scroll of magic mapping {unknown}
 h - a scroll of fear {unknown}
 i - a scroll of enchant weapon {unknown}
 j - 6 scrolls of identify {unknown}
 l - a scroll of teleportation {unknown}
 n - a scroll of summoning {unknown}
 p - a scroll of amnesia {unknown}
 q - a scroll of enchant armour {unknown}
Potions
 c - a potion of mutation {unknown}
 f - a potion of flight {unknown}
 o - a potion of berserk rage {unknown}


   Skills:
 + Level 4.5 Fighting
 + Level 4.0 Polearms
 + Level 3.3 Dodging


You had 3 spell levels left.
You didn't know any spells.
Your spell library was empty.

Dungeon Overview and Level Annotations

Branches:
Dungeon (4/15)
 Temple: D:4-7

Altars:
Qazlal


Innate Abilities, Weirdness & Mutations

You are too large for most types of armour.
You have tough skin. (AC +1)


Message History

A gnoll comes into view. It is wielding a +0 halberd.
The gnoll shouts! x2
The gnoll throws a throwing net.
The throwing net misses you.
You see here a throwing net.
A kobold brigand is nearby!
There is an open door here.
Throw: 4 large rocks
Press: ? - help, Q - select action, (/) - cycle Shift-Dir - straight line, f - kobold brigand
Aim: a kobold brigand, wielding a +0 short sword and quivering curare-tipped darts (47% to hit)
You throw a large rock.
The large rock misses the kobold brigand.
The kobold brigand throws a curare-tipped dart.
The curare-tipped dart barely misses you.
Things that are here:
a +0 club; a goblin corpse
There is an open door here.
Unknown command.
Unknown command.
The kobold brigand hits you with a +0 short sword!
The gnoll hits you from afar with a +0 halberd!
There is an open door here.
The kobold brigand throws a curare-tipped dart.
The curare-tipped dart hits you.
You are poisoned.
You have difficulty breathing.
You feel yourself slow down.
You feel very sick. The gnoll closely misses you.
The kobold brigand throws a curare-tipped dart.
The curare-tipped dart hits you.
You are lethally poisoned!
You have difficulty breathing.
* * * LOW HITPOINT WARNING * * *
You feel as though you will be slow longer.
* * * LOW HITPOINT WARNING * * *
You feel extremely sick.
The kobold brigand throws a curare-tipped dart.
The curare-tipped dart hits you.
You are more poisoned.
You have difficulty breathing.
You die...

#... #...
#... #...
##...####
#.....<.#
#.......#
#.....#.#
#....@#.#
#.###.#.#
# #.....#
#g#K### #
#..g.#
###.#..).#
#........#
######...#
##'##


You could see a kobold brigand and 2 gnolls.

Vanquished Creatures
  Jessica (D:3)
  2 adders
  2 endoplasms
  A giant cockroach (D:1)
  3 goblins
  3 hobgoblins
  2 quokkas (D:2)
  A ball python (D:3)
  3 bats
  2 frilled lizards
  A kobold (D:2)
  A rat (D:1)
22 creatures vanquished.

Notes
Turn   | Place    | Note
-------+----------+-------------------------------------------
     0 | D:1      | klau3 the Ogre Berserker began the quest for the Orb.
     0 | D:1      | Reached XP level 1. HP: 24/24 MP: 1/1
   125 | D:2      | Reached XP level 2. HP: 29/32 MP: 2/2
   357 | D:2      | Found a stormy altar of Qazlal.
   690 | D:3      | Noticed Jessica
   693 | D:3      | Killed Jessica
   694 | D:3      | Reached XP level 3. HP: 40/40 MP: 3/3
   879 | D:3      | Reached XP level 4. HP: 31/49 MP: 4/4
  1248 | D:4      | Noticed a kobold brigand
  1273 | D:4      | Asphyxiated

Illustrated notes

Levels and vault maps discovered:
D:1:      lemuel_arrival_broad_hall, layout_basic
D:2:      layout_rooms, dreamdust_ecumenical_altar_sealed_demon, basic_altar
D:3:      layout_basic, minmay_joined_circles, uniq_jessica
D:4:      layout_basic, hangedman_abyss_or_decor_stagger

Skill      XL: |  1  2 |
---------------+-------+-----
Polearms       | 4 |  4.0
Dodging        | 3 |  3.3
Fighting       | |  4.5

Action                   |  1- 3 |  4- 6 || total
-------------------------+-------+-------++-------
Melee: Spear             |    49 |       ||    49
       Club              |    19 |    14 ||    33
Throw: Stone             |     1 |       ||     1
       Large rock        |     3 |     1 ||     4
Armor: Animal skin       |    41 |       ||    41
Dodge: Dodged            |    72 |    17 ||    89

Table legend: (Time is in decaauts)
 A = Elapsed time spent in this place.
 B = Non-inter-level travel time spent in this place.
 C = Inter-level travel time spent in this place.
 D = Time resting spent in this place.
 E = Time spent auto-exploring this place.
 F = Levels seen in this place.
 G = Mean time per level.
                   A        B        C        D        E       F      G
               +--------+--------+--------+--------+--------+-----+--------+
         Total |   1284 |    270 |   1014 |      0 |      0 |   4 |  321.0 |
       Dungeon |   1284 |    270 |   1014 |      0 |      0 |   4 |  321.0 |
               +--------+--------+--------+--------+--------+-----+--------+

Top non-repeatable levels by time:
     D:3: 574 daAuts
     D:2: 556 daAuts
     D:1: 97 daAuts
     D:4: 56 daAuts
